 Dungeon Crawl Stone Soup version 0.22.0-21-g8bd1b0a (webtiles) character file.

28 KLATTERAL the Bolt Thrower (level 3, -4/33 HPs)
             Began as a Naga Hunter on Aug 19, 2018.
             Slain by Natasha (10 damage)
             ... on level 2 of the Dungeon.
             The game lasted 00:07:13 (897 turns).

KLATTERAL the Bolt Thrower (Naga Hunter)             Turns: 897, Time: 00:07:14

Health: -4/33      AC:  2    Str: 14    XL:     3   Next: 12%
Magic:  3/3        EV:  9    Int: 12    God:
Gold:   25         SH:  0    Dex: 11    Spells: 2/2 levels left

rFire    . . .     SeeInvis +   a - +1 hand crossbow
rCold    . . .     Gourm    .   (no shield)
rNeg     . . .     Faith    .   c - +0 leather armour
rPois    +         Spirit   .   (no helmet)
rElec    .         Reflect  .   (no cloak)
rCorr    .         Harm     +   (no gloves)
MR       .....                  (no barding)
Stlth    +.........             g - amulet of harm
HPRegen  0.11/turn              (no ring)
MPRegen  0.08/turn              (no ring)

@: slowed, very slow
A: large, see invisible, deformed body, poison resistance, slowness 2, slow
metabolism 1, spit poison 1, AC +1
a: Spit Poison


You were on level 2 of the Dungeon.
You were not hungry.

You visited 1 branch of the dungeon, and saw 2 of its levels.

You collected 25 gold pieces.

Inventory:

Hand Weapons
 a - a +1 hand crossbow (weapon)
 e - a +2 vampiric short sword
Missiles
 d - 32 bolts (quivered)
Armour
 c - a +0 leather armour (worn)
Jewellery
 b - a +2 ring of dexterity {unknown}
 g - an amulet of harm (around neck)
Scrolls
 i - a scroll of remove curse {unknown}
Potions
 h - a potion of curing {unknown}
Comestibles
 f - 5 rations
 j - 2 chunks of flesh


   Skills:
 + Level 2.4 Fighting
 + Level 4.1 Crossbows
 + Level 1.8 Dodging
 + Level 1.5 Stealth


You had 2 spell levels left.
You didn't know any spells.
Your spell library was empty.

Dungeon Overview and Level Annotations

Branches:
Dungeon (2/15)

Altars:

Annotations:
D:2 Natasha


Innate Abilities, Weirdness & Mutations

You cannot wear boots.
Your serpentine skin is tough. (AC +1)
You have supernaturally acute eyesight. (SInv)
Armour fits poorly on your strangely shaped body.
Your system is resistant to poisons. (rPois)
You cover ground very slowly.
You have a slow metabolism.
You can spit poison.


Message History

Natasha casts a spell at you. You resist with some effort.
Natasha stares at you and mumbles some strange words.
The magic dart hits you!
Firing (i - inventory)
d - 32 bolts (quivered)
Press: ? - help, Shift-Dir - straight line, f/p - Natasha
Aim: Natasha (lightly wounded)
Okay, then.
Natasha claws you! Natasha claws you. Natasha claws you. x2
Natasha stares at you and mumbles some strange words.
You feel as though you will be slow longer.
Natasha claws you.
* * * LOW HITPOINT WARNING * * *
Natasha stares at you and mumbles some strange words.
You resist with some effort.
Natasha mewls in sadness.
There is a stone staircase leading up here.
Natasha claws you!
You die...

#.#### ...... #.#
........# .... #.#
#.......# ..... #.#
#.......## #......#.#
........# ##......#.#
......>####.......#.#
#......##.......#.#
#....@............#
#....h..#.........#
#...(##.#.........#
###.....#.........#
#.#####.........#.
#.# #.............#
#.###.######.#.##.#
#.......# #.#......
#####.#.# #......#.


You could see Natasha.

Vanquished Creatures
  A worm (D:2)
  A dart slug (D:1)
  2 leopard geckos (D:1)
  3 bats (D:1)
  A giant cockroach (D:1)
  2 goblins (D:1)
  2 hobgoblins (D:1)
  A frilled lizard (D:1)
  5 kobolds (D:1)
  3 rats (D:1)
21 creatures vanquished.

Notes
Turn   | Place    | Note
-------+----------+-------------------------------------------
     0 | D:1      | KLATTERAL the Naga Hunter began the quest for the Orb.
     0 | D:1      | Reached XP level 1. HP: 19/19 MP: 1/1
   148 | D:1      | Reached XP level 2. HP: 24/26 MP: 2/2
   224 | D:1      | Reached skill level 4 in Crossbows
   709 | D:1      | Reached XP level 3. HP: 33/33 MP: 3/3
   889 | D:2      | Noticed Natasha
   897 | D:2      | Slain by Natasha

Skill      XL: |  1  2 |
---------------+-------+-----
Crossbows      | 4 |  4.1
Fighting       | |  2.4
Dodging        | |  1.8
Stealth        | |  1.5

Action                   || total
-------------------------++-------
Melee: Hand crossbow     ||     4
       Short sword       ||     3
 Fire: Hand crossbow     ||    32
  Use: Scroll            ||     1
Armor: Leather armour    ||     6
Dodge: Dodged            ||     8
